 Dungeon Crawl Stone Soup version 0.30.1-11-g7821555f0a (webtiles) character file.

Game seed: 7714673049217495981

107 monsoonserge the Shooter (level 4, -4/23 HPs)
             Began as a Spriggan Hunter on Nov 1, 2023.
             Killed by divine providence
             ... invoked by an orc priest
              (9 damage)
             ... on level 5 of the Dungeon.
             The game lasted 00:06:27 (2698 turns).

monsoonserge the Shooter (Spriggan Hunter)          Turns: 2698, Time: 00:06:27

Health: -4/23      AC:  2    Str:  7    XL:     4   Next: 57%
Magic:  5/5        EV: 18    Int: 10    God:
Gold:   264        SH:  0    Dex: 20    Spells: 3/3 levels left

rFire   . . .        a - +0 shortbow
rCold   + . .        (shield currently unavailable)
rNeg    . . .        c - +0 robe
rPois   .            (helmet restricted)
rElec   .            (no cloak)
rCorr   .            (gloves unavailable)
SInv    +            (boots unavailable)
Will    .....        (no amulet)
Stlth   ++           k - ring of protection from cold
HPRegen 0.23/turn    (no ring)
MPRegen 0.09/turn

%: no passive effects
@: very quick
A: very small, no large weapons, unfitting armour, see invisible, speed 3
a: no special abilities


You were on level 5 of the Dungeon.
You visited 1 branch of the dungeon, and saw 6 of its levels.

You collected 264 gold pieces.

Inventory:

Hand Weapons
 a - a +0 shortbow (weapon)
 u - a +0 sling
Missiles
 e - 11 poisoned darts
Armour
 c - a +0 robe (worn)
Jewellery
 k - a ring of protection from cold (left hand)
Wands
 w - a wand of polymorph (9)
Scrolls
 b - 4 scrolls of immolation
 m - a scroll of fear {unknown}
 n - a scroll of fog {unknown}
 o - a scroll of enchant weapon {unknown}
 p - a scroll of magic mapping {unknown}
 v - a scroll of acquirement {unknown}
Potions
 f - 4 potions of curing {unknown}
 g - 2 potions of heal wounds
 h - 2 potions of flight
 i - a potion of haste
 l - a potion of ambrosia
 q - a potion of mutation
 r - a potion of degeneration {unknown}
 s - a potion of might {unknown}
 t - a potion of invisibility {unknown}


   Skills:
 + Level 1.8 Fighting
 + Level 5.7 Ranged Weapons
 + Level 3.3 Dodging
 + Level 1.5 Stealth


You had 3 spell levels left.
You didn't know any spells.
Your spell library contained the following spells:

 Spells                   Type           Power      Damage    Failure   Level
 Foxfire                  Conj/Fire      0%         2x1d4     36%         1
 Dazzling Flash           Conj/Hex       0%         N/A       75%         3
 Volatile Blastmotes      Fire/Tloc      0%         2d10      75%         3
 Iskenderun's Mystic Bla  Conj/Tloc      0%         2d3       98%         4
 Fireball                 Conj/Fire      0%         3d3       100%        5
 Plasma Beam              Fire/Air       0%         2x1d11    100%        6
 Starburst                Conj/Fire      0%         6d3       100%        6


Dungeon Overview and Level Annotations

Branches:
Dungeon (6/15)
 Temple: D:4-7

Altars:

Annotations:
D:5 Sigmund


Innate Abilities, Weirdness & Mutations

You are very small and have problems with some larger weapons.
You are too small for most types of armour.
You have supernaturally acute eyesight. (SInv)
You cover ground extremely quickly. (Speed+++)


Message History

Press: ? - help, Q - select action, (/) - cycle Shift-Dir - straight line, f/p - orc priest
Aim: an orc priest, wielding a +0 mace and wearing a +0 leather armour (lightly wounded, 64% to hit)
You shoot an arrow. The arrow hits the orc.
The orc is moderately wounded.
An orc comes into view. It is wielding a +0 dagger.
The orc barely misses you. The orc hits you but does no damage.
The orc priest begins to cast a cantrip, but forgets the words!
You climb downwards.
You hear the sound of rushing water.
There is an entrance to a sewer on this level.
Hurry and find it before the portal rusts away!
Level annotation: Sigmund You hear the slow rusting of a very distant drain.
There is a stone staircase leading up here.
Fire: a) +0 shortbow
Press: ? - help, Q - select action, (/) - cycle Shift-Dir - straight line, f - orc priest
Aim: an orc priest, wielding a +0 mace and wearing a +0 leather armour (64% to hit)
You shoot an arrow.
The arrow hits the orc priest but does no damage.
The orc priest barely misses you. The orc hits you with a +0 hand axe.
Fire: a) +0 shortbow
Press: ? - help, Q - select action, (/) - cycle Shift-Dir - straight line, f/p - orc priest
Aim: an orc priest, wielding a +0 mace and wearing a +0 leather armour (64% to hit)
You shoot an arrow. The arrow barely misses the orc priest.
The orc hits you with a +0 hand axe.
* * * LOW HITPOINT WARNING * * *
The orc priest barely misses you.
Fire: a) +0 shortbow
Press: ? - help, Q - select action, (/) - cycle Shift-Dir - straight line, f/p - orc priest
Aim: an orc priest, wielding a +0 mace and wearing a +0 leather armour (64% to hit)
You shoot an arrow. The arrow barely misses the orc priest.
The orc priest barely misses you. The orc barely misses you.
Fire: a) +0 shortbow
Press: ? - help, Q - select action, (/) - cycle Shift-Dir - straight line, f/p - orc priest
Aim: an orc priest, wielding a +0 mace and wearing a +0 leather armour (64% to hit)
You shoot an arrow.
The arrow hits the orc priest but does no damage.
The orc priest calls down the wrath of Beogh upon you.
Beogh smites you!
You die...

#.....s.!>.......
#...#####.#......
#...+ ......###
#...#####.#.#.#
#.###.......# #
.. #.###.### +..
#.###.### #.
#oo......
#@.......
#........
#.###.### ... ...
#.# .#. #.# # #.#
#.#


You could see an orc priest and an orc.

Vanquished Creatures
  3 adders
  3 worms
  8 orcs
  3 ball pythons
  6 bats
  7 endoplasms
  3 giant cockroaches
  4 hobgoblins
  2 jackals (D:2)
  3 kobolds
  3 quokkas
  4 frilled lizards
  7 goblins
  2 rats (D:1)
58 creatures vanquished.

Notes
Turn   | Place    | Note
-------+----------+-------------------------------------------
     0 | D:1      | monsoonserge the Spriggan Hunter began the quest for the
                  | Orb.
     0 | D:1      | Reached XP level 1. HP: 10/10 MP: 2/2
   151 | D:1      | Reached XP level 2. HP: 14/14 MP: 3/3
   977 | D:2      | Identified the +7 scale mail of Resourcefulness {Int+2}
  1099 | D:2      | Reached XP level 3. HP: 18/18 MP: 4/4
  1099 | D:2      | Found a faded altar of an unknown god.
  1229 | D:2      | Reached skill level 5 in Ranged Weapons
  1790 | D:3      | Reached XP level 4. HP: 23/23 MP: 5/5
  2611 | D:4      | You fall into a shaft and drop 2 floors!
  2616 | D:6      | Noticed a scorpion
  2626 | D:5      | Entered Level 5 of the Dungeon
  2677 | D:5      | Noticed Sigmund
  2698 | D:5      | Killed from afar by an orc priest

Illustrated notes

Levels and vault maps discovered:
D:1:      dpeg_arrival_long_road, layout_basic, st_stairs_14
D:2:      layout_loops_ring, dreamdust_ecumenical_altar_statues,
          kennysheep_generic_room_9
D:3:      layout_basic, guppyfry_early_orc_mine
D:4:      minmay_octagon_keep, layout_gridville, reono_crystal_passage
D:5:      layout_basic, minmay_temple_entry_arrows, portal_sewer_entry_e,
          uniq_sigmund
D:6:      layout_cave_pods, kennysheep_generic_room_3, uniq_menkaure

Skill      XL: |  1  2  3 |
---------------+----------+-----
Dodging        | 3 |  3.3
Ranged Weapons | 5 |  5.7
Fighting       | |  1.8
Stealth        | |  1.5

Action                     |  1- 3 |  4- 6 || total
---------------------------+-------+-------++-------
   Fire: Shortbow          |   122 |    60 ||   182
    Use: Scroll            |       |     6 ||     6
         Potion            |       |     1 ||     1
 Armour: Robe              |     5 |     2 ||     7
  Dodge: Dodged            |    53 |    23 ||    76
